 Dungeon Crawl Stone Soup version 0.21.1-1-g345015f (webtiles) character file.

60 goulibeur the Unweaver (level 3, 0/43 HPs)
             Began as a Demonspawn Abyssal Knight on July 13, 2018.
             Was a Follower of Lugonu.
             Succumbed to an adder's poison
             ... on level 2 of the Dungeon.
             The game lasted 00:03:37 (1079 turns).

goulibeur the Unweaver (Demonspawn Abyssal Knight)  Turns: 1079, Time: 00:03:38

Health: 0/43       AC:  6    Str: 17    XL:     3   Next: 82%
Magic:  5/5        EV: 11    Int: 13    God:    Lugonu [*.....]
Gold:   20         SH:  0    Dex: 13    Spells: 2/2 levels left

rFire    . . .     SeeInvis .   a - +1 short sword
rCold    . . .     Gourm    .   (no shield)
rNeg     . . .     Faith    .   j - +0 ring mail
rPois    .         Spirit   .   (no helmet)
rElec    .         Reflect  .   (no cloak)
rCorr    .         Harm     .   (no gloves)
MR       .....                  g - +0 pair of boots
Stlth    ..........             (no amulet)
HPRegen  0.14/turn              (no ring)
MPRegen  0.09/turn              (no ring)

@: berserking, lethally poisoned (0 -> -6), very quick
A: powered by death 1
a: Depart the Abyss, Renounce Religion


You were on level 2 of the Dungeon.
You worshipped Lugonu.
Lugonu was aware of your devotion.
You were not hungry.

You visited 1 branch of the dungeon, and saw 2 of its levels.
You visited the Abyss 1 time.

You collected 20 gold pieces.

Inventory:

Hand Weapons
 a - a +1 short sword (weapon)
Armour
 b - a +0 leather armour
 g - a +0 pair of boots (worn)
 j - a +0 ring mail (worn)
Scrolls
 d - 3 scrolls of identify {unknown}
 e - a scroll of enchant weapon {unknown}
 h - a scroll of enchant armour {unknown}
 i - a scroll of amnesia {unknown}
Potions
 k - a potion of resistance {unknown}
Comestibles
 c - 4 rations
 f - 4 chunks of flesh


   Skills:
 + Level 3.4 Fighting
 - Level 1.7 Short Blades
 + Level 2.2 Armour
 + Level 1.6 Dodging
 * Level 3.8 Invocations


You had 2 spell levels left.
You didn't know any spells.

Dungeon Overview and Level Annotations

Branches:
Dungeon (2/15)

Altars:
The Shining One


Innate Abilities, Weirdness & Mutations

You regenerate a little health from kills.


Message History

You feel sick.
It was a potion of berserk rage.
A red film seems to cover your vision as you go berserk!
You feel yourself moving faster!
You feel mighty!
You are too berserk!
There is a lethal amount of poison in your body!
You are too berserk!
There is a lethal amount of poison in your body!
There is a lethal amount of poison in your body!
You are too berserk!
You feel a strong urge to attack something.
* * * LOW HITPOINT WARNING * * *
You feel sick.
Found a hand axe.
Found a glowing golden altar of the Shining One.
You closely miss the rat. The rat barely misses you.
You puncture the rat!
You kill the rat!
Lugonu accepts your kill.
You die...

..)..._ .# .....#. .
....... #. .......#.
...##...........?.
...#.............#
................†#
#.[.............@####
#...................#
..........###.#..##.#
........#...#.#.## #
........###...#.###
..................#
.#..##.######.##..#
##.###.####.......#
#.................#.#


There were no monsters in sight!

Vanquished Creatures
  2 adders (D:2)
  2 dart slugs
  A leopard gecko (D:1)
  3 giant cockroaches
  7 goblins
  3 hobgoblins (D:1)
  3 jackals
  2 quokkas (D:2)
  2 bats (D:2)
  5 frilled lizards
  5 kobolds
  3 rats
38 creatures vanquished.

Notes
Turn   | Place    | Note
-------+----------+-------------------------------------------
     0 | Abyss:1  | goulibeur the Demonspawn Abyssal Knight began the quest for the Orb.
     0 | Abyss:1  | Reached XP level 1. HP: 18/18 MP: 2/2
    57 | Abyss:1  | Noticed a lich
    58 | D:1      | Escaped the Abyss
   109 | D:1      | Reached skill level 1 in Dodging
   275 | D:1      | Gained mutation: You regenerate a little health from kills. [demonic ancestry]
   275 | D:1      | Reached XP level 2. HP: 19/24 MP: 4/4
   427 | D:1      | Reached * piety under Lugonu
   879 | D:2      | Reached XP level 3. HP: 28/29 MP: 5/5
  1075 | D:2      | HP: 1/29 [poisoned by an adder]
  1077 | D:2      | Found a glowing golden altar of the Shining One.
  1079 | D:2      | Succumbed to an adder's poison

Skill      XL: |  1  2 |
---------------+-------+-----
Dodging        | 1 |  1.6
Invocations    | 3 |  3.8
Armour         | 2 |  2.2
Fighting       | |  3.4
Short Blades   | |  1.7

Action                   || total
-------------------------++-------
Melee: Short sword       ||   149
Invok: Depart the Abyss  ||     1
  Use: Potion            ||     1
  Eat: Chunk             ||     1
Armor: Leather armour    ||    19
       Ring mail         ||    24
Dodge: Dodged            ||    81
